 Dungeon Crawl Stone Soup version 0.17.1-2-g5865329 (webtiles) character file.

6082 Mysteryquy the Martial Artist (level 10, -15/108 (111) HPs)
             Began as an Octopode Monk on Jan 21, 2016.
             Was an Elder of Cheibriados.
             Demolished by Zingi's ghost (17 damage)
             ... on level 9 of the Dungeon.
             The game lasted 00:39:34 (13458 turns).

Mysteryquy the Martial Artist (Octopode Monk)      Turns: 13458, Time: 00:39:34

HP:   -15/108 (111) AC: 25    Str: 22    XL:     10   Next: 88%
MP:   1/19          EV:  2    Int: 24    God:    Cheibriados [****..]
Gold: 425           SH:  0    Dex: 29    Spells: 0 memorised, 9 levels left

rFire  . . .     SeeInvis .       - Unarmed
rCold  + . .     Clarity  .     (no shield)
rNeg   + + +     SustAt   .     (helmet currently unavailable)
rPois  +         Gourm    .     (no amulet)
rElec  .         Spirit   .     k - ring of protection from cold
rCorr  .         Warding  .     q - ring of poison resistance
rMut   .         NoTele   +     u - ring of Quetuipa {rN+ MP+9 Str+2 Dex+2 Stlth-}
MR     .....                    (no ring)
Stlth  ++++......               (no ring)
                                (no ring)
                                (no ring)
                                (no ring)

@: tree-form, vulnerable, very slow, not resistant to hostile enchantments,
stealthy
A: almost no armour, amphibious, 8 rings, (constrict 8), (camouflage 0),
(gelatinous body 0)
a: Bend Time, Temporal Distortion, Slouch, Renounce Religion


You were on level 9 of the Dungeon.
You worshipped Cheibriados.
Cheibriados was greatly pleased with you.
You were not hungry.
You were a tree.
You visited 2 branches of the dungeon, and saw 10 of its levels.

You collected 425 gold pieces.

Inventory:

Jewellery
 k - a ring of protection from cold (left branch)
 q - a ring of poison resistance (right branch)
 u - the ring of Quetuipa (on tentacle) {rN+ MP+9 Str+2 Dex+2 Stlth-}
   (You found it on level 7 of the Dungeon)

   [ring of strength]

   It affects your strength (+2).
   It affects your dexterity (+2).
   It protects you from negative energy.
   It affects your magic capacity (+9).
   It makes you less stealthy.
Wands
 l - a wand of draining (13)
 v - a wand of slowing (14)
Scrolls
 b - 11 scrolls of identify
 e - 6 scrolls of remove curse
 g - 2 scrolls of random uselessness
 m - 3 scrolls of amnesia
 o - 3 scrolls of recharging
 s - a scroll of enchant weapon
Potions
 d - a potion of brilliance
 h - 4 potions of degeneration
 z - 2 potions of cure mutation
 A - a potion of curing
Books
 i - a book of the Tempests

   Spells                             Type                      Level
   a - Static Discharge               Conjuration/Air              3
   b - Lightning Bolt                 Conjuration/Air              5
   c - Fireball                       Conjuration/Fire             5
   d - Tornado                        Air                          9
   e - Shatter                        Earth                        9
 n - a book of Air

   Spells                             Type                      Level
   a - Shock                          Conjuration/Air              1
   b - Swiftness                      Charms/Air                   2
   c - Repel Missiles                 Charms/Air                   2
   d - Static Discharge               Conjuration/Air              3
   e - Lightning Bolt                 Conjuration/Air              5
 r - an Akashic Record

   Spells                             Type                      Level
   a - Dispersal                      Translocation                6
   b - Malign Gateway                 Summoning/Translocation      7
   c - Disjunction                    Translocation                8
   d - Controlled Blink               Translocation                8
Comestibles
 a - 8 bread rations
 c - 2 meat rations
 w - 12 fruits
 x - 6 slices of pizza


   Skills:
 + Level 9.1 Fighting
 + Level 9.6 Dodging
 - Level 5.6 Stealth
 + Level 10.3 Unarmed Combat


You had 9 spell levels left.
You didn't know any spells.

Dungeon Overview and Level Annotations

Branches:
Dungeon (9/15)             Temple (1/1) D:4             Orc (0/4) D:9
   Lair: D:8-11

Altars:
Ashenzari
Cheibriados
Dithmenos
Elyvilon
Fedhas
Gozag
Kikubaaqudgha
Makhleb
Nemelex Xobeh
Okawaru
Qazlal
Ru
Sif Muna
Trog
Vehumet
Xom
Yredelemnul
Zin
The Shining One

Annotations:
D:2 Crazy Yiuf
D:9 Zingi's ghost, novice TrBe


Innate Abilities, Weirdness & Mutations

You cannot wear most types of armour.
You are amphibious.
You can wear up to eight rings at the same time.
((You can use your tentacles to constrict eight enemies at once.))
((Your skin changes colour to match your surroundings (Stealth).))
((Your rubbery body absorbs attacks (AC +1).))


Message History

As you read the scroll labeled RALILO FETI, it crumbles to dust.
Magic quickly surges around you.
It was a scroll of vulnerability.
The orc zombie hits you but does no damage.
Zingi's ghost hits you!
* * * LOW HITPOINT WARNING * * *
Press: ? - help, v - describe, . - travel
Here: Zingi's ghost, wielding an antimagic weapon (heavily damaged, susceptible to magic, inner flame)
An escape hatch in the floor.
Read which item? (? for menu, Esc to quit)
As you read the scroll labeled MULONERUTT, it crumbles to dust.
It is a scroll of enchant armour.
You aren't carrying any armour which can be enchanted further.
The orc zombie hits you but does no damage.
Zingi's ghost barely misses you.
Read which item? (? for menu, Esc to quit)
As you read the scroll of fog, it crumbles to dust.
The scroll dissolves into smoke.
The orc zombie hits you.
* * * LOW HITPOINT WARNING * * *
Zingi's ghost hits you!
You die...

########### ##############
#.........###............#
#/........#.'............#
#.........#.#............'
#.........#.#............#
#.........#.#............#
........Z§#.#............#
#......§W♣§§####+#########
###....§##### #...#
.....8...... ###<#
............ ####.######
............###.........#
........$....####.#.######
.....>.....8..#...#.#.....
..........?)....#####.#.##
.......###..)).....#


You could see Zingi's ghost (inner flame) and an orc zombie (inner flame).

Vanquished Creatures
  Pikel (D:8)
  A wraith (D:9)
  A deep elf mage (D:8)
  4 hungry ghosts
  A hill giant zombie (D:9)
  2 yaks (D:8)
  Menkaure (D:4)
  2 black bears (D:6)
  3 sky beasts
  2 ogres
  A slave (D:8)
  2 necrophages
  2 centaurs (D:8)
  2 sheep (D:8)
  2 orc warriors
  3 phantoms
  4 big kobolds
  A crocodile (D:8)
  5 giant frogs
  A troll zombie (D:9)
  A scorpion (D:8)
  6 wights
  7 jellies
  4 crimson imps
  2 centaur zombies
  A giant frog zombie (D:7)
  5 hounds
  A giant frog skeleton (D:5)
  6 orc priests
  5 orc wizards
  A centaur skeleton (D:6)
  9 worker ants
  5 ogre zombies (D:9)
  A hound zombie (D:5)
  2 hound skeletons
  11 gnolls
  A worker ant zombie (D:5)
  12 adders
  A shadow imp (D:5)
  5 oozes
  4 adder skeletons
  3 worms
  4 giant geckos
  11 orcs
  3 ball pythons
  10 goblins
  13 hobgoblins
  12 bats
  8 giant cockroaches
  5 giant newts
  A goblin zombie (D:9)
  6 jackals
  14 kobolds
  4 orc skeletons (D:9)
  12 orc zombies (D:9)
  A quokka zombie (D:5)
  6 rats
244 creatures vanquished.

Vanquished Creatures (others)
  3 slaves (D:8)
3 creatures vanquished.

Grand Total: 247 creatures vanquished

Notes
Turn   | Place    | Note
--------------------------------------------------------------
     0 | D:1      | Mysteryquy the Octopode Monk began the quest for the Orb.
     0 | D:1      | Reached XP level 1. HP: 16/16 MP: 1/1
   118 | D:1      | Reached XP level 2. HP: 15/21 MP: 2/2
   669 | D:1      | Reached XP level 3. HP: 2/26 MP: 3/3
  1454 | D:2      | Reached XP level 4. HP: 20/32 MP: 4/4
  1677 | D:2      | Noticed Crazy Yiuf
  2591 | D:2      | Reached XP level 5. HP: 24/37 MP: 5/5
  3451 | D:3      | Reached skill level 5 in Unarmed Combat
  4046 | D:4      | Noticed Menkaure
  4194 | D:4      | Reached XP level 6. HP: 37/43 MP: 6/6
  4219 | D:4      | Found a staircase to the Ecumenical Temple.
  4248 | Temple   | Entered the Ecumenical Temple
  4517 | D:4      | Killed Menkaure
  4517 | D:4      | Reached skill level 5 in Stealth
  4745 | Temple   | Reached XP level 7. HP: 23/49 MP: 7/7
  5794 | D:5      | Entered Level 5 of the Dungeon
  5836 | D:5      | Reached skill level 5 in Fighting
  5836 | D:5      | Reached skill level 6 in Unarmed Combat
  6047 | D:5      | Reached skill level 5 in Dodging
  6411 | D:5      | Reached XP level 8. HP: 48/56 MP: 8/8
  8309 | D:5      | Reached skill level 7 in Unarmed Combat
  9224 | D:6      | Reached XP level 9. HP: 43/63 MP: 9/9
  9826 | D:7      | Found a snail-covered altar of Cheibriados.
  9830 | D:7      | Became a worshipper of Cheibriados the Contemplative
  9830 | D:7      | Reached * piety under Cheibriados
  9830 | D:7      | Reached ** piety under Cheibriados
  9836 | D:7      | Reached skill level 8 in Unarmed Combat
 10162 | D:7      | Found a bloodstained altar of Trog.
 10304 | D:7      | Found a shattered altar of Ashenzari.
 10304 | D:7      | Found a glowing silver altar of Zin.
 11372 | D:8      | Reached *** piety under Cheibriados
 11409 | D:8      | Reached skill level 9 in Unarmed Combat
 11428 | D:8      | Reached XP level 10. HP: 56/70 MP: 10/10
 11622 | D:8      | Noticed Pikel
 11642 | D:8      | Killed Pikel
 11683 | D:7      | Found a sparkling altar of Nemelex Xobeh.
 11686 | D:7      | Got a vibrating glass ring
 11689 | D:7      | Identified the ring of Quetuipa {rN+ MP+9 Str+2 Dex+2 Stlth-} (You found it on level 7 of the Dungeon)
 11912 | D:8      | Noticed a three-headed hydra
 12512 | D:8      | Found a shimmering altar of Xom.
 12530 | D:8      | Found a shimmering altar of Xom.
 12530 | D:8      | Found a shimmering altar of Xom.
 12533 | D:8      | Found a shimmering altar of Xom.
 12533 | D:8      | Found a shimmering altar of Xom.
 12533 | D:8      | Found a shimmering altar of Xom.
 12533 | D:8      | Found a shimmering altar of Xom.
 12534 | D:8      | Found a shimmering altar of Xom.
 12753 | D:9      | Reached **** piety under Cheibriados
 12763 | D:9      | Noticed Zingi's ghost (novice TrBe)
 12933 | D:9      | Found a staircase to the Orcish Mines.
 12948 | D:9      | Reached skill level 10 in Unarmed Combat
 13456 | D:9      | HP: 4/108 [Zingi's ghost (9)]
 13458 | D:9      | Demolished by Zingi's ghost

Action                   |  1- 3 |  4- 6 |  7- 9 | 10-12 || total
-------------------------+-------+-------+-------+-------++-------
Melee: Unarmed           |    80 |   140 |   346 |   170 ||   736
  Use: Potion            |       |     5 |     1 |     2 ||     8
       Scroll            |       |       |     8 |     5 ||    13
 Stab: Sleeping          |     2 |    11 |    15 |     7 ||    35
       Distracted        |       |     1 |     2 |     1 ||     4
  Eat: Chunk             |     1 |    10 |    15 |       ||    26
       Beef jerky        |       |       |     2 |       ||     2
       Meat ration       |       |       |     1 |     1 ||     2
       Pizza             |       |       |     1 |       ||     1
